 Dungeon Crawl Stone Soup version 0.28.0-53-g5a82cb258f (webtiles) character file.

Game seed: 3494750960067761338

116 Descartes the Stinger (level 5, -1/37 HPs)
             Began as a Formicid Wanderer on July 24, 2022.
             Was an Initiate of Gozag.
             Slain by a black bear (4 damage)
             ... on level 3 of the Dungeon.
             The game lasted 00:07:10 (2773 turns).

Descartes the Stinger (Formicid Wanderer)           Turns: 2773, Time: 00:07:10

Health: -1/37      AC:  3    Str: 16 (18) XL:     5   Next: 21%
Magic:  7/8        EV: 11    Int: 12 (13) God:    Gozag
Gold:   319        SH:  0    Dex:  8 (9)  Spells: 7/8 levels left

rFire   . . .      SeeInvis +   i - +2 whip (drain)
rCold   . . .      Faith    .   (no shield)
rNeg    . . .      Spirit   .   e - +0 leather armour
rPois   .          Reflect  .   (helmet unavailable)
rElec   .          Harm     .   (no cloak)
rCorr   .          Rampage  .   (no gloves)
Will    .....                   (no boots)
Stlth   +.........              (no amulet)
HPRegen 0.12/turn               (no ring)
MPRegen 0.11/turn               (no ring)

@: gold aura
A: permanent stasis, dig shafts and tunnels, antennae 3, four strong arms
a: Dig, Shaft Self, Renounce Religion, Potion Petition, Call Merchant, Bribe
Branch


You were on level 3 of the Dungeon.
You worshipped Gozag.
Gozag was aware of your devotion.
You visited 1 branch of the dungeon, and saw 3 of its levels.

You collected 319 gold pieces.

Inventory:

Hand Weapons
 a - a +0 shortbow
 h - a +2 dagger of speed
 i - a +2 whip of draining (weapon)
 o - a +4 club
 p - a +2 longbow of freezing
Missiles
 b - 11 arrows
 c - 20 poisoned darts (quivered)
 k - 80 stones
 l - 2 boomerangs
Armour
 e - a +0 leather armour (worn)
 m - a +0 cloak
Scrolls
 d - a scroll of identify
 f - a scroll of teleportation
 n - a scroll of enchant armour
Potions
 g - a potion of lignification
 j - a potion of degeneration


   Skills:
 - Level 1.1 Fighting
 - Level 1.0 Bows
 - Level 1.0 Throwing
 + Level 4.0 Armour
 - Level 2.1 Spellcasting
 + Level 1.1 Fire Magic
 + Level 5.7 Poison Magic


You had 7 spell levels left.
You knew the following spells:

 Your Spells              Type           Power      Damage    Failure   Level
a - Sting                 Tmut/Pois      32%        1d4       10%         1

Your spell library contained the following spells:

 Spells                   Type           Power      Damage    Failure   Level
 Poisonous Vapours        Pois/Air       16%        N/A       16%         2
 Ignite Poison            Fire/Tmut/Pois 6%         N/A       36%         3


Dungeon Overview and Level Annotations

Branches:
Dungeon (3/15)

Altars:
Gozag
Zin


Innate Abilities, Weirdness & Mutations

You cannot be hasted, slowed, berserked, paralysed or teleported.
You can dig through walls and to a lower floor.
You have a pair of large antennae on your head. (SInv)
Your four strong arms can wield two-handed weapons with a shield.


Message History

The jackal closely misses you. The jackal misses you.
The jackal closely misses you.
You see here a +2 longbow of freezing.
p - a +2 longbow of freezing The jackal bites you but does no damage.
You closely miss the jackal. The jackal bites you. x2
You hit the jackal.
The jackal is heavily wounded.
The jackal bites you but does no damage.
You hit the jackal.
The jackal is severely wounded.
The jackal barely misses you. The jackal bites you.
The hobgoblin closely misses you.
You hit the jackal.
You kill the jackal!
The hobgoblin closely misses you.
You barely miss the goblin. The goblin hits you but does no damage.
The hobgoblin hits you.
Unknown command.
You hit the hobgoblin. You drain the hobgoblin.
You kill the hobgoblin!
The goblin hits you but does no damage.
You hit the goblin.
You kill the goblin!
You closely miss the black bear. The black bear bites you.
The black bear claws you. x2
* * * LOW HITPOINT WARNING * * *
Casting: Sting (safe; 10% risk of failure)
Confirm with . or Enter, or press ? or * to list all spells.
Aiming: Sting (safe; 10% risk of failure)
Press: ? - help, Shift-Dir - straight line, f - black bear
Aim: a black bear (77% to hit)
The sting hits the black bear.
The black bear is poisoned.
The black bear is lightly wounded.
The black bear bites you!
* * * LOW HITPOINT WARNING * * *
The black bear claws you.
You die...
Your body crumbles into a pile of gold.

####.# {#
#<)#.###### # .
##)#.......# . #'#
#.#.......#### ..
#.)..........#
#.##.###.###...#
#....#.....#...###
####.#.###.#......
#...#.$@h.#...... $
###...#.###.#......
#.....#.....#......
#.....###.###......
#..................
#..(....##....##...
####....####### ##
#....# #....#


You could see a black bear (poisoned).

Vanquished Creatures
  Robin (D:2)
  An adder (D:2)
  2 gnolls (D:1)
  5 orcs
  8 bats
  5 endoplasms
  13 goblins
  12 hobgoblins
  A jackal (D:3)
  4 kobolds
  3 quokkas (D:1)
  A ball python (D:2)
  4 frilled lizards
  3 rats (D:1)
63 creatures vanquished.

Notes
Turn   | Place    | Note
-------+----------+-------------------------------------------
     0 | D:1      | Descartes the Formicid Wanderer began the quest for the
                  | Orb.
     0 | D:1      | Descartes set off with the following items: a +0 shortbow,
                  | 25 arrows, 9 poisoned darts, a +0 dagger, a +0 leather
                  | armour; and the following spell memorised: Sting; and the
                  | following spells available to memorise: Poisonous Vapours,
                  | Ignite Poison
     0 | D:1      | Reached XP level 1. HP: 15/15 MP: 3/3
    49 | D:1      | Reached XP level 2. HP: 21/21 MP: 5/5
    70 | D:1      | Reached XP level 3. HP: 4/24 MP: 0/6
   436 | D:1      | Reached skill level 5 in Poison Magic
   663 | D:1      | Found a faded altar of an unknown god.
   744 | D:1      | Prayed at the altar of an unknown god.
   744 | D:1      | Became a worshipper of Gozag Ym Sagoz the Greedy
   802 | D:1      | Reached XP level 4. HP: 32/32 MP: 7/7
  1088 | D:2      | Found a glowing silver altar of Zin.
  2035 | D:3      | Noticed Robin
  2056 | D:3      | Noticed a black bear
  2074 | D:2      | Killed Robin
  2123 | D:2      | Reached XP level 5. HP: 15/37 MP: 8/8
  2443 | D:3      | Reached skill level 1 in Fire Magic
  2773 | D:3      | Slain by a black bear

Illustrated notes

Levels and vault maps discovered:
D:1:      nicolae_arrival_washed_ashore, layout_rooms,
          shapermc_ecumenical_altar_pompeii, minmay_tromino_i2
D:2:      layout_basic, basic_altar, serial_corexii_hall,
          corexii_hall_statues_i, chequers_hall_statues_y,
          corexii_hall_statues_i, corexii_hall_statues_deadend,
          hangedman_decor_lopped
D:3:      layout_basic, gup_sewer_entry_glass, minmay_checkerbox, uniq_robin

Skill      XL: |  1  2  3  4  5 |
---------------+----------------+-----
Armour         | 3 4 |  4.0
Poison Magic   | 5 |  5.7
Fire Magic     | 1 |  1.1
Fighting       | |  1.1
Bows           | |  1.0
Throwing       | |  1.0
Spellcasting   | |  2.1

Action                   |  1- 3 |  4- 6 || total
-------------------------+-------+-------++-------
Melee: Whip              |       |    63 ||    63
       Punch             |       |     2 ||     2
 Fire: Shortbow          |    67 |    61 ||   128
 Cast: Sting             |     6 |    19 ||    25
  Use: Potion            |       |     3 ||     3
       Scroll            |       |     2 ||     2
Armor: Leather armour    |     6 |    33 ||    39
Dodge: Dodged            |    22 |    72 ||    94
